Unix NetHack Version 3.7.0-94 Work-in-progress - last build Dec 18 2023 00:11:04 (7e3deff068b9ef4f2ebb9a71ea0f5c4a3b578a14,branch:master). Game began 2023-12-29 16:27:37, ended 2023-12-30 10:28:33. elenmirie, lawful female human Knight -------------------------- |)q@[..d..f[....%.......(| |[----------------)....(.| |(| ------.------- |[| |...[.[.....| |.| |........00%| |%| |----)-------- |.| |.%..........| |.| |............| |.|------ --------.----- |.|$$$$$|-- |..........| |)|$$$$$-.| |..........| |.|..$$$|-| --....[....| |...$$$$+.| ----.------- --|...$$|-| |........| |$....+.| |........| |$$...|-- ------...| ------- ----- Elenmirie the Bachelor St:17 Dx:10 Co:15 In:8 Wi:14 Ch:18 Lawful Dlvl:3 $:1377 HP:0(73) Pw:67(67) AC:3 Xp:9/2902 T:6815 Burdened Latest messages: You hear a gremlin reading a scroll of teleportation. The large cat misses it. The large cat misses the gremlin. The large cat bites the gremlin. The gremlin misses the large cat. The gremlin misses the large cat. The gremlin misses the large cat. The gremlin misses the large cat. The large cat misses the gremlin. The large cat misses it. You see here an elven leather helm. You have a little trouble lifting i - an elven leather helm. What do you want to take off? [defOU or ?*] ? You finish taking off your helm. What do you want to drop? [$a-ikmnprt-zA-HJ-VZ or ?*] d You drop an uncursed +0 helmet. The large cat steps reluctantly over an elven dagger. The large dog picks up a scimitar. What do you want to wear? [i or ?*] i You finish your dressing maneuver. You swap places with your large cat. You hit the cockatrice! The large dog drops a scimitar. You kill the cockatrice! You see here a cockatrice corpse. You see here a corroded orcish chain mail. You see here an orcish helm. The large dog picks up a corroded orcish chain mail. You see here an orcish shield. What do you want to adjust? [a-ce-ikmnprt-zA-HJ-VZ or ?*] ? Adjust letter to what [djloqsIW-Z] (? see used letters)? u Swapping: u - a unicorn horn. What do you want to use or apply? [bnruxyEGLMRV or ?*] u Nothing happens. What do you want to use or apply? [bnruxyEGLMRV or ?*] u Nothing happens. The large dog drops a corroded orcish chain mail. The rothe hits! The rothe bites! The rothe bites again! You hit the rothe! The rothe hits! The rothe bites! The rothe bites again! You die... Do you want your possessions identified? [ynq] (y) y Do you want to see your attributes? [ynq] (y) y Do you want an account of creatures vanquished? [ynaq] (y) y Do you want to see your conduct and achievements? [ynq] (y) y Do you want to see the dungeon overview? [ynq] (y) y Inventory: Coins $ - 1377 gold pieces Weapons D - a blessed +0 crossbow a - the blessed rustproof +1 Excalibur (weapon in right hand) b - an uncursed +1 lance (alternate weapon; not wielded) Armor i - an uncursed +0 elven leather helm (being worn) f - an uncursed burnt +0 pair of leather gloves (being worn) O - an uncursed burnt +0 pair of speed boots (being worn) e - an uncursed +0 small shield (being worn) U - an uncursed +0 elven cloak (being worn) z - an uncursed +0 mummy wrapping c - an uncursed +1 ring mail (being worn) Comestibles h - 9 uncursed carrots N - 6 uncursed food rations Z - an uncursed lembas wafer Scrolls t - 3 uncursed scrolls of blank paper K - a cursed scroll of charging C - an uncursed scroll of destroy armor T - 2 uncursed scrolls of earth B - an uncursed scroll of fire m - an uncursed scroll of identify A - an uncursed scroll of punishment w - a blessed scroll of remove curse Q - an uncursed scroll of teleportation Spellbooks n - a blessed spellbook of extra healing Potions F - an uncursed potion of extra healing k - a cursed potion of monster detection g - an uncursed potion of object detection p - a cursed potion of see invisible P - a cursed potion of sickness Rings J - an uncursed ring of invisibility H - an uncursed ring of sustain ability v - a cursed ring of teleport control S - an uncursed ring of warning Wands r - an uncursed wand of cold (0:3) E - an uncursed wand of light (0:14) R - an uncursed wand of polymorph (0:3) V - an uncursed wand of striking (0:5) L - an uncursed wand of striking (0:3) Tools y - an uncursed bag of tricks (0:13) M - an uncursed magic lamp x - an uncursed towel u - an uncursed +0 unicorn horn G - an uncursed wax candle Elenmirie the Knight's attributes: Background: You were a Bachelor, a level 9 female human Knight. You were lawful, on a mission for Lugh who was opposed by Brigit (neutral) and Manannan Mac Lir (chaotic). You were right-handed. You were in Sokoban, on level 3. You entered the dungeon 6815 turns ago. You had 2902 experience points, 2218 more were needed to attain level 10. Basics: You had 0 out of 73 hit points. You had all 67 energy points (spell power). Your armor class was 3. Your wallet contained 1377 zorkmids. Autopickup was on for '$' plus thrown. Final Characteristics: Your strength was 17 (limit:18/100). Your dexterity was 10 (limit:18). Your constitution was 15 (limit:18). Your intelligence was 8 (limit:18). Your wisdom was 14 (limit:18). Your charisma was 18 (limit:18). Final Status: You weren't hungry. You were burdened; movement was slightly slowed. You were wielding a long sword. You had basic skill with long sword and could have enhanced that. Final Attributes: You were piously aligned. You were poison resistant. You were level-drain resistant. You were telepathic. You had automatic searching. You were stealthy. You could jump. You were warded. You were very fast. You are dead. Miscellaneous: You never encountered a bones level. Total elapsed playing time was 3 hours, 16 minutes and 37 seconds. Major events: Turn 1: elenmirie the lawful female human Knight entered the dungeon 662: attained the rank of Esquire (level 3) 1065: entered the Gnomish Mines 2376: had Excalibur thrown at them by some watery tart 3546: attained the rank of Bachelor (level 6) 3874: entered Sokoban 4113: completed 1st Sokoban level 4489: completed 2nd Sokoban level 5064: completed 3rd Sokoban level 6090: completed 4th Sokoban level 6815: killed by a rothe Vanquished creatures: 2 giant mimics a giant zombie a warhorse a freezing sphere 2 red nagas 2 wraiths an ettin zombie a Grey-elf a giant beetle a cockatrice 3 wolves a gremlin an iron piercer a mumak a giant spider 2 scorpions 2 horses a vampire bat 2 gnome rulers 2 orc mummies an owlbear 2 dingoes 2 dogs 2 housecats a white unicorn a black unicorn a gnome mummy 5 apes a human zombie a Woodland-elf 15 bugbears a quasit 2 water nymphs 7 Mordor orcs 10 Uruk-hai 3 rock piercers a rock mole a pony 2 yellow lights a shrieker a violet fungus 2 gnome leaders a gray ooze an elf zombie a ghoul a paper golem 2 giant ants 3 floating eyes a kitten 2 dwarves 2 homunculi a kobold leader a kobold shaman 5 hill orcs a rothe 2 centipedes a giant bat 3 orc zombies 4 dwarf zombies a wererat 6 iguanas 3 killer bees 2 acid blobs 2 coyotes 2 large kobolds 16 hobgoblins 5 giant rats 4 cave spiders a brown mold 2 yellow molds 2 green molds 15 gnomes 4 garter snakes 3 gnome zombies 3 geckos 2 jackals 2 foxes 3 kobolds 7 goblins 7 sewer rats 3 grid bugs 3 bats 6 lichens a kobold zombie 12 newts 241 creatures vanquished. No species were genocided or became extinct. Voluntary challenges: You read items or engraved 1 time. You never engraved Elbereth. You never genocided any monsters. You never polymorphed an object. You never changed form. You used no wishes. You violated the special Sokoban rules once. Achievements: You attained the rank of Esquire. You entered a shop. You entered the Gnomish Mines. You attained the rank of Bachelor. You entered Sokoban. The Dungeons of Doom: levels 1 to 8 Level 1: A sink. Level 2: A fountain. Level 3: A delicatessen, a fountain. Level 4: Stairs down to The Gnomish Mines. Level 5: A fountain, a sink. Level 6: Many fountains. Oracle of Delphi. Level 7: A fountain. Stairs up to Sokoban, level 6. Level 8: The Gnomish Mines: Level 5: Sokoban: levels 6 up to 3 Level 3: <- You were here. Solved. Final resting place for you, killed by a rothe. Level 4: Solved. Level 5: Solved. Level 6: Solved. Game over: ---------- / \ / REST \ / IN \ / PEACE \ / \ | elenmirie | | 1377 Au | | killed by a | | rothe | | | | | | 2023 | *| * * * | * _________)/\\_//(\/(/\)/\//\/|_)_______ Fare thee well elenmirie the Knight... You died in Sokoban on dungeon level 3 with 11688 points, and 1377 pieces of gold, after 6815 moves. You were level 9 with a maximum of 73 hit points when you died.